AoeStats
← Froglet

Black Forest

503137187Analyzed
4v4 RM · 1mo ago on Aug 30, 2026· 54m 29s· 8 players
Game mode
Random Map
Map size
Large (8 player)
Population
200
Speed
Normal
Resources
Standard
Victory
Conquest
Starting age
Dark Age
Ending age
Imperial Age
RankedLock teamsTeams togetherTeam positionsShared explorationLock speedFull tech treeHidden civsTurbo modeCheats
Victory
Defeat
🇨🇳 Vikings · China
980
+13
🇨🇳 Khmer · China
979
+13
958
+14
🇨🇳 Chinese · China
957
+14
🇹🇷 Bulgarians · Türkiye
944
-15
🇨🇱 Celts · Chile
934
-14
🇨🇳 Khitans · China
910
-13
🇩🇪 Turks · Germany
900
-13
Komposita
0:26 Loom
13:06 Feudal Age
17:23 Castle Age
16:44 Double-Bit Axe
16:40 Horse Collar
17:39 Fishing Lines
18:14 Bow Saw
21:23 Town Watch
24:04 Wheelbarrow
24:16 Gold Mining
26:48 Man-at-Arms
27:13 Gambesons
27:15 Arson
27:43 Forging
27:33 Scale Mail Armor
29:30 Hand Cart
29:15 Town Patrol
30:15 Iron Casting
29:55 Chain Mail Armor
35:32 Imperial Age
33:48 Chain Mail Armor
32:57 Long Swordsman
33:33 Pikeman
34:33 Fortified Wall
35:28 Masonry
36:20 Gold Shaft Mining
35:37 Stone Mining
36:02 Stronghold
36:25 Siege Engineers
37:21 Chemistry
37:43 Two-Handed Swordsman
39:48 Ballistics
39:28 Murder Holes
39:54 Ballistics
39:27 Fletching
40:27 Bodkin Arrow
40:56 Treadmill Crane
43:02 Blast Furnace
42:32 Plate Mail Armor
farid_bang-92
0:26 Loom
13:13 Feudal Age
13:53 Fishing Lines
14:09 Man-at-Arms
22:20 Horse Collar
26:55 Castle Age
25:31 Wheelbarrow
25:34 Arson
26:43 Padded Archer Armor
26:44 Scale Mail Armor
26:35 Fletching
26:55 Forging
28:04 Gillnets
28:13 Town Watch
28:34 Long Swordsman
29:18 Squires
29:53 Heavy Plow
30:34 Caravan
30:29 Double-Bit Axe
32:26 Leather Archer Armor
32:07 Bodkin Arrow
33:04 Hand Cart
36:34 Imperial Age
34:05 Town Patrol
35:26 Ballistics
35:03 Murder Holes
35:19 Masonry
35:12 Gold Mining
35:15 Stone Mining
35:32 Scale Barding Armor
36:52 Sipahi
36:53 Thumb Ring
36:58 Heavy Cavalry Archer
38:02 Treadmill Crane
38:53 Architecture
38:34 Fortified Wall
38:47 Bow Saw
39:29 Gold Shaft Mining
40:04 Husbandry
42:07 Bloodlines
42:00 Bracer
42:25 Chain Barding Armor
42:35 Ring Archer Armor
42:41 Iron Casting
42:07 Bracer
49:42 Plate Barding Armor
50:18 Blast Furnace
51:34 Hoardings
53:39 Hoardings
53:25 Conscription
mag8044
0:28 Loom
11:22 Feudal Age
11:57 Stone Mining
12:01 Gold Mining
15:16 Horse Collar
21:30 Double-Bit Axe
22:39 Wheelbarrow
26:03 Castle Age
25:38 Town Watch
26:57 Heavy Plow
27:34 Gold Shaft Mining
27:36 Stone Shaft Mining
27:33 Bow Saw
29:48 Scale Barding Armor
29:54 Forging
29:45 Scale Mail Armor
29:32 Gambesons
30:13 Caravan
30:45 Coinage
30:43 Hand Cart
30:15 Town Watch
30:58 Husbandry
31:09 Bloodlines
31:34 Chain Barding Armor
32:40 Iron Casting
32:54 Town Patrol
35:16 Chain Mail Armor
36:48 Stirrups
39:42 Imperial Age
41:05 Banking
40:13 Elite Konnik
42:26 Plate Barding Armor
43:33 Blast Furnace
42:59 Conscription
44:42 Plate Mail Armor
桂花折枝为谁落
19:53 Feudal Age
25:01 Castle Age
22:58 Double-Bit Axe
25:11 Light Cavalry
29:47 Forging
32:16 Iron Casting
35:27 Domestication
36:53 Husbandry
41:06 Imperial Age
41:15 Hussar
43:00 Wheelbarrow
42:29 Pastoralism
42:42 Bow Saw
42:25 Gold Mining
43:16 Scale Barding Armor
43:12 Padded Archer Armor
43:02 Fletching
44:08 Thumb Ring
44:30 Parthian Tactics
43:26 Heavy Cavalry Archer
44:20 Elite Skirmisher
48:24 Leather Archer Armor
48:05 Bodkin Arrow
48:31 Chain Barding Armor
49:32 Ballistics
50:12 Chemistry
49:36 Pikeman
50:16 Squires
50:11 Heavy Rocket Cart
52:31 Lamellar Armor
53:42 Bracer
54:12 Ring Archer Armor
53:37 Gambesons
似水流年LDS
6:49 Loom
14:02 Feudal Age
18:52 Castle Age
18:08 Horse Collar
18:16 Double-Bit Axe
19:19 Stone Mining
22:05 Bow Saw
29:16 Heavy Plow
32:59 Imperial Age
30:55 Town Watch
31:48 Treadmill Crane
32:20 Masonry
33:19 Squires
33:06 Arson
33:24 Scale Mail Armor
33:36 Pikeman
34:39 Conscription
34:19 Elite Berserk
35:44 Gold Mining
36:57 Two-Man Saw
36:33 Crop Rotation
36:30 Chain Mail Armor
36:26 Forging
38:17 Plate Mail Armor
39:05 Architecture
39:40 Chieftains
40:59 Chemistry
41:14 Iron Casting
42:57 Blast Furnace
42:23 Siege Engineers
53:23 Fletching
Froglet
1:32 Loom
16:29 Feudal Age
20:36 Double-Bit Axe
20:34 Horse Collar
24:55 Castle Age
24:32 Wheelbarrow
25:33 Gold Mining
26:03 Husbandry
27:09 Bloodlines
28:47 Bow Saw
29:22 Gold Shaft Mining
TheSky
0:26 Loom
12:28 Feudal Age
14:23 Double-Bit Axe
17:42 Castle Age
16:13 Horse Collar
16:25 Gold Mining
19:19 Bow Saw
20:03 Wheelbarrow
21:14 Fletching
24:17 Padded Archer Armor
26:00 Stone Mining
27:57 Gold Shaft Mining
27:46 Town Watch
29:16 Hand Cart
29:47 Heavy Plow
31:04 Padded Archer Armor
34:57 Imperial Age
34:30 Bodkin Arrow
34:51 Leather Archer Armor
34:42 Town Patrol
35:12 Great Wall
36:10 Stone Shaft Mining
36:08 Ballistics
36:50 Chemistry
36:14 Conscription
36:08 Thumb Ring
36:31 Bracer
37:02 Ring Archer Armor
37:48 Rocketry
36:52 Capped Ram
39:49 Elite Chu Ko Nu
40:21 Siege Ram
41:43 Forging
41:39 Scale Barding Armor
45:03 Iron Casting
44:48 Chain Barding Armor
44:43 Masonry
44:29 Murder Holes
49:28 Bloodlines
49:19 Husbandry
48:40 Light Cavalry
51:54 Blast Furnace
51:29 Plate Barding Armor
逍遥一世何枝可依
7:09 Loom
12:36 Feudal Age
17:08 Double-Bit Axe
19:42 Castle Age
20:43 Bow Saw
21:14 Wheelbarrow
22:41 Crossbowman
24:42 Hand Cart
25:20 Horse Collar
26:26 Heavy Plow
27:32 Fervor
27:19 Herbal Medicine
28:30 Murder Holes
29:38 Gold Mining
32:26 Imperial Age
29:56 Stone Mining
30:49 Husbandry
31:00 Bloodlines
31:03 Forging
32:27 Cavalier
34:30 Savar
39:23 Gold Shaft Mining
39:24 Stone Shaft Mining
39:22 Crop Rotation
39:56 Two-Man Saw
42:18 Iron Casting
41:49 Scale Barding Armor
46:59 Blast Furnace
46:21 Chain Barding Armor
49:19 Caravan
Connection lost

Rejoining the realm…

Still unreachable

The connection could not be restored.

Session expired

The server has moved on; the page needs a fresh start.